 Dungeon Crawl Stone Soup version 0.17.0-28-g6e173f8 (webtiles) character file.

542 HolyRage the Firebug (level 7, -1/36 HPs)
             Began as a Gargoyle Fire Elementalist on Nov 24, 2015.
             Slain by a giant frog (2 damage)
             ... on level 4 of the Dungeon.
             The game lasted 00:40:05 (5211 turns).

HolyRage the Firebug (Gargoyle Fire Elementalist)   Turns: 5211, Time: 00:40:05

Health: -1/36      AC: 10    Str: 12    XL:     7   Next: 27%
Magic:  2/13       EV: 11    Int: 17    God:
Gold:   164        SH:  0    Dex: 10    Spells: 4 memorised, 5 levels left

rFire  . . .     SeeInvis .     r - +4 quarterstaff (chaos)
rCold  . . .     Clarity  .     o - +0 leather armour
rNeg   + . .     SustAt   .     (shield currently unavailable)
rPois  ∞         Gourm    +     j - +1 helmet
rElec  +         Spirit   .     s - +0 cloak
rCorr  .         Warding  .     (no gloves)
rMut   .         Stasis   .     (no boots)
MR     .....                    g - amulet of the gourmand
Stlth  ++........               (no ring)
                                (no ring)

@: not resistant to hostile enchantments, unstealthy
A: negative energy resistance 1, electricity resistance, unbreathing,
petrification resistance, rot immunity, AC +4
a: no special abilities


You were on level 4 of the Dungeon.
You were completely stuffed.

You visited 1 branch of the dungeon, and saw 4 of its levels.

You collected 164 gold pieces.

Inventory:

Hand Weapons
 f - a +0 mace
 n - a +2 dagger of venom
 r - a +4 quarterstaff of chaos (weapon)
 u - the +6 mace of Nunn {crush, +Inv rF+ Str-4, unknown}
   (You found it on level 4 of the Dungeon)

   It inflicts extra damage upon your enemies.
   It affects your strength (-4).
   It protects you from fire.
   It lets you turn invisible.
Armour
 a - a +0 robe
 j - a +1 helmet (worn)
 o - a +0 leather armour (worn)
 s - a +0 cloak (worn)
Jewellery
 g - an amulet of the gourmand (around neck)
 h - an uncursed ring of stealth {unknown}
 l - an uncursed ring of flight {unknown}
 t - an uncursed ring of wizardry {unknown}
Scrolls
 p - a scroll of noise
Potions
 d - a potion of flight {unknown}
 e - 2 potions of curing {unknown}
 k - 2 potions of heal wounds {unknown}
 m - a potion of agility {unknown}
Books
 b - a book of Flames

   Spells                             Type                      Level
   a - Flame Tongue                   Conjuration/Fire             1
   b - Throw Flame                    Conjuration/Fire             2
   c - Conjure Flame                  Conjuration/Fire             3
   d - Inner Flame                    Hexes/Fire                   3
   e - Sticky Flame                   Conjuration/Fire             4
   f - Fireball                       Conjuration/Fire             5
Comestibles
 c - 4 bread rations
 i - 6 fruits
 q - 3 meat rations


   Skills:
 - Level 1.5 Dodging
 - Level 2.1 Stealth
 + Level 4.5 Spellcasting
 + Level 4.4 Conjurations
 + Level 5.2 Fire Magic


You had 5 spell levels left.
You knew the following spells:

 Your Spells              Type           Power        Failure   Level  Hunger
a - Flame Tongue          Conj/Fire      ###..        3%          1    None
b - Throw Flame           Conj/Fire      ###...       6%          2    ##.....
c - Conjure Flame         Conj/Fire      ###.....     12%         3    ###....
d - Sticky Flame          Conj/Fire      ###.....     30%         4    ####...


Dungeon Overview and Level Annotations

Branches:
Dungeon (4/15)
 Temple: D:4-7

Altars:
Cheibriados
Elyvilon
Nemelex Xobeh
Qazlal

Annotations:
D:4 skk's ghost, amateur GrGl


Innate Abilities, Weirdness & Mutations

You are resistant to torment.
Your stone body is resilient (AC +4).
You are immune to poison.
You resist negative energy.
You are resistant to electric shocks.
You can survive without breathing.
You are immune to petrification.
You are immune to rotting.


Message History

Casting: Flame Tongue
Confirm with . or Enter, or press ? or * to list all spells.
Aiming: Flame Tongue
Press: ? - help, Shift-Dir - straight line, f/p - giant frog
Aim: a giant frog (heavily wounded)
The flame tongue hits the giant frog.
The giant frog is severely wounded.
The giant frog hits you but does no damage.
The giant frog hits you.
* * * LOW HITPOINT WARNING * * *
An adder skeleton comes into view.
The giant frog closely misses you.
The giant frog hits you but does no damage.
The giant frog hits you.
* * * LOW HITPOINT WARNING * * *
Skk's ghost turns its malevolent gaze towards you.
The giant frog hits you but does no damage.
The giant frog hits you but does no damage.
The giant frog hits you.
You die...

#.#.#..# #.
#.#.#..##########.
#.#.......##......
#.#.......#...#...
#.................
#.................
#.................
#FZW..........#...
#@.....(...#.###..
#####..######..(.###..
)..............#......#
##.......#####....###.#
#.#####........#.# #.#
# ##########.###.#
#...... #####.. .....


You could see a giant frog, skk's ghost and an adder skeleton.

Vanquished Creatures
  Grinder (D:4)
  A water moccasin skeleton (D:2)
  A scorpion (D:4)
  Crazy Yiuf (D:2)
  Jessica (D:2)
  Terence (D:2)
  Robin (D:2)
  3 adders (D:2)
  3 gnolls (D:3)
  2 oozes
  A worm (D:2)
  3 giant geckos
  An orc (D:2)
  3 ball pythons
  6 giant cockroaches
  21 goblins
  9 hobgoblins
  2 quokkas
  4 bats
  3 giant newts
  A jackal skeleton (D:4)
  10 kobolds
  6 rats
85 creatures vanquished.

Notes
Turn   | Place    | Note
--------------------------------------------------------------
     0 | D:1      | HolyRage the Gargoyle Fire Elementalist began the quest for the Orb.
     0 | D:1      | Reached XP level 1. HP: 10/10 MP: 3/3
   370 | D:1      | Reached XP level 2. HP: 15/15 MP: 1/5
   417 | D:1      | Learned a level 2 spell: Throw Flame
  1139 | D:1      | Reached XP level 3. HP: 19/19 MP: 3/6
  1280 | D:2      | Learned a level 3 spell: Conjure Flame
  1525 | D:2      | Noticed Terence
  1594 | D:2      | Killed Terence
  1594 | D:2      | Reached XP level 4. HP: 18/24 MP: 0/8
  1737 | D:2      | Noticed Robin
  1978 | D:2      | Killed Robin
  2146 | D:2      | Found a sparkling altar of Nemelex Xobeh.
  2148 | D:2      | Noticed Jessica
  2159 | D:2      | Killed Jessica
  2159 | D:2      | Reached skill level 4 in Fire Magic
  2159 | D:2      | Reached XP level 5. HP: 19/28 MP: 0/9
  2387 | D:2      | Noticed Crazy Yiuf
  2651 | D:2      | Killed Crazy Yiuf
  3224 | D:2      | Reached XP level 6. HP: 16/32 MP: 3/11
  3408 | D:2      | Learned a level 4 spell: Sticky Flame
  4072 | D:3      | Found a stormy altar of Qazlal.
  4072 | D:3      | Found a snail-covered altar of Cheibriados.
  4073 | D:3      | Found a white marble altar of Elyvilon.
  4748 | D:4      | Noticed skk's ghost (amateur GrGl)
  4900 | D:4      | Got a faintly glowing mace
  4951 | D:4      | Noticed Grinder
  4972 | D:4      | Paralysed by Grinder for 4 turns
  5096 | D:4      | Paralysed by Grinder for 4 turns
  5105 | D:4      | Paralysed by Grinder for 7 turns
  5122 | D:4      | Killed Grinder
  5122 | D:4      | Reached skill level 5 in Fire Magic
  5122 | D:4      | Reached XP level 7. HP: 7/36 MP: 0/13
  5206 | D:4      | HP: 1/36 [giant frog (5)]
  5211 | D:4      | Slain by a giant frog

Action                   |  1- 3 |  4- 6 |  7- 9 || total
-------------------------+-------+-------+-------++-------
Melee: Short sword       |     7 |       |       ||     7
       Club              |       |     7 |       ||     7
       Quarterstaff      |       |     5 |       ||     5
 Cast: Flame Tongue      |    51 |   133 |     6 ||   190
       Throw Flame       |     2 |     5 |     2 ||     9
       Conjure Flame     |     1 |     5 |       ||     6
  Use: Scroll            |     1 |     8 |       ||     9
  Eat: Chunk             |     2 |    23 |     1 ||    26
